 Dungeon Crawl Stone Soup version 0.30-a0-726-gd89dcf765f (webtiles) character file.

Game seed: 12182000565642872744

2644 drugrobin the Martial Artist (level 9, -8/75 HPs)
             Began as a Demigod Delver on Jan 29, 2023.
             Mangled by an orc warrior
             ... wielding a +0 war axe
              (21 damage)
             ... in a bailey.
             The game lasted 00:23:22 (6573 turns).

drugrobin the Martial Artist (Demigod Delver)       Turns: 6573, Time: 00:23:23

Health: -8/75      AC: 15    Str: 17    XL:     9   Next: 13%
Magic:  11/11      EV: 11    Int: 16    God:
Gold:   34         SH:  0    Dex: 19    Spells: 5/8 levels left

rFire   . . .      SeeInvis .      - Unarmed
rCold   . . .      Faith    .    y - orb {light}
rNeg    . . .      Spirit   .    z - +6 ring mail of Ypeinile {Will+ Slay+2}
rPois   .          Reflect  .    D - +2 helmet
rElec   .          Harm     .    w - scarf {+Inv}
rCorr   .          Rampage  .    (no gloves)
Will    +....                    g - +0 pair of boots
Stlth   +                        (no amulet)
HPRegen 0.32/turn                x - ring of wizardry
MPRegen 0.12/turn                (no ring)

@: glowing
A: high MP 1, forlorn, divine attributes
a: Evoke Invisibility


You were in a bailey.
You visited 1 branch of the dungeon, and saw 7 of its levels.
You also visited: Ossuary and Bailey.

You collected 235 gold pieces.
You spent 201 gold pieces at shops.

Inventory:

Hand Weapons
 b - a +2 dagger of draining
 d - a +0 rapier of electrocution
Missiles
 i - 6 javelins (quivered)
 J - 5 atropa-tipped darts
 K - 12 poisoned darts
 M - a curare-tipped dart
Armour
 g - a +0 pair of boots (worn)
 w - a scarf of invisibility (worn)
 y - an orb of light (worn)
 z - the +6 ring mail of Ypeinile (worn) {Will+ Slay+2}
   (You found it on level 2 of the Dungeon)

   Slay:      It affects your accuracy & damage with ranged weapons and melee
   (+2).
   Will:      It increases your willpower.
 D - a +2 helmet (worn)
 I - a +3 ring mail of cold resistance
Jewellery
 x - a ring of wizardry (left hand)
Wands
 f - a wand of digging (2)
 F - a wand of flame (39)
 H - a wand of polymorph (5)
 O - a wand of charming (7)
Scrolls
 c - 2 scrolls of brand weapon {unknown}
 h - 3 scrolls of noise {unknown}
 l - 5 scrolls of blinking {unknown}
 m - 2 scrolls of magic mapping
 o - a scroll of acquirement {unknown}
 p - 3 scrolls of teleportation
 r - a scroll of torment {unknown}
 t - 3 scrolls of fog
 u - 3 scrolls of identify
 v - 2 scrolls of vulnerability {unknown}
 A - a scroll of amnesia {unknown}
 B - a scroll of poison {unknown}
 E - a scroll of enchant weapon {unknown}
 N - a scroll of silence {unknown}
Potions
 a - 2 potions of haste
 e - 4 potions of flight
 j - 4 potions of curing
 k - 2 potions of invisibility
 n - 2 potions of mutation
 s - 5 potions of might
 C - 2 potions of magic
 G - 3 potions of lignification
 L - 2 potions of attraction
 P - a potion of brilliance


   Skills:
 + Level 6.0 Fighting
 - Level 1.7 Dodging
 - Level 4.5 Stealth
 * Level 10.0 Unarmed Combat
 + Level 3.2 Evocations


You had 5 spell levels left.
You knew the following spells:

 Your Spells              Type           Power      Damage    Failure   Level
a - Confusing Touch       Hex            0%         N/A       45%         3

Your spell library contained the following spells:

 Spells                   Type           Power      Damage    Failure   Level
 Slow                     Hex            0%         N/A       19%         1
 Lesser Beckoning         Tloc           0%         N/A       26%         2
 Gell's Gravitas          Tloc           0%         N/A       45%         3
 Ozocubu's Armour         Ice            0%         N/A       45%         3
 Stone Arrow              Conj/Erth      0%         3d7       45%         3
 Teleport Other           Tloc           0%         N/A       45%         3
 Vampiric Draining        Necr           0%         2d6       45%         3
 Animate Armour           Summ/Erth      0%         N/A       86%         4
 Metabolic Englaciation   Hex/Ice        0%         N/A       99%         5
 Simulacrum               Ice/Necr       0%         N/A       100%        6
 Lehudib's Crystal Spear  Conj/Erth      0%         10d2      100%        8


Dungeon Overview and Level Annotations

Branches:
Dungeon (7/15)             Temple (0/1) D:4         Ossuary (visited)
 Bailey (1/1)

Shops:
D:2 =   D:4 *


Innate Abilities, Weirdness & Mutations

You have an increased reservoir of magic. (+10% MP)
You shall have no god before yourself.
Your divine heritage dramatically boosts your attributes as you level up.


Message History

You punch the orc warrior!
The orc warrior is severely wounded.
You hit the orc warrior but do no damage.
The orc warrior is severely wounded.
The goblin hits you but does no damage. The gnoll misses you.
The orc warrior hits you with a +0 war axe.
The hobgoblin hits you with a +0 hand axe.
You hit the orc warrior.
The orc warrior is almost dead.
The goblin hits you but does no damage. The gnoll closely misses you.
The orc warrior hits you with a +0 war axe!
* * * LOW HITPOINT WARNING * * *
The hobgoblin barely misses you.
Unknown command.
Unknown command.
You hit the orc warrior.
The orc warrior is almost dead.
The goblin hits you with a +0 hand axe.
* * * LOW HITPOINT WARNING * * *
The gnoll hits you with a +0 hand axe.
* * * LOW HITPOINT WARNING * * *
The hobgoblin barely misses you.
Unknown command.
Unknown command.
Okay, then.
Okay, then.
Unknown command.
Unknown command.
Unknown command.
Unknown command.
Unknown command.
Unknown command.
Unknown command.
Unknown command.
Unknown command.
Unknown command.
You feel better. The goblin hits you but does no damage.
The gnoll barely misses you.
The orc warrior hits you with a +0 war axe!!
You die...

#.........#.......#.........#
##.......##.......##.......##
#.......#.........#....)..#
##.....##.........##..g[[##
##)####...........####'##
##.))..##.........##..)[)##
#..).)..#...).....#.......#
##..)....##.gog...##.......##
#.........#)g@o..)#.....g...#
#.........##.....##.........##
#.....⌠.....#######....o⌠.....#
##.........##.....##...o.....##
#.........#.......#.........#
##......)##.......##.......##
#......)'....o...['[......#
##.....##........)##.....##
#######.....⌠.....#######


You could see an orc knight, an orc warrior (strong), a gnoll, a hobgoblin and a
goblin.

Vanquished Creatures
  A steam dragon (D:7)
  8 orc warriors (Bailey)
  2 ice beasts
  A black bear (D:7)
  2 phantoms
  2 bullfrogs (D:5)
  A kobold brigand (D:6)
  A scorpion (D:5)
  3 water moccasin zombies (Ossuary)
  3 jellies
  A gnoll bouda (D:7)
  5 hounds
  Jessica (D:3)
  An orc wizard (D:5)
  Ijyb (D:4)
  Natasha (thrice) (D:3)
  An iguana (D:5)
  2 mummies (Ossuary)
  8 adders
  16 gnolls
  2 ufetubi (D:5)
  6 adder zombies (Ossuary)
  2 worms
  6 dart slugs
  21 orcs
  5 endoplasms
  A giant cockroach (D:3)
  21 goblins
  9 hobgoblins
  2 quokkas
  6 ball pythons
  8 bats
  8 frilled lizards
  5 gnoll zombies (Ossuary)
  6 hobgoblin zombies (Ossuary)
  21 kobolds
  5 kobold zombies (Ossuary)
  3 orc zombies (Ossuary)
  4 rats
204 creatures vanquished.

Vanquished Creatures (collateral kills)
  A hobgoblin (Bailey)
1 creature vanquished.

Vanquished Creatures (others)
  An orc warrior (Bailey)
  5 plants (D:1)
6 creatures vanquished.

Grand Total: 211 creatures vanquished

Notes
Turn   | Place    | Note
-------+----------+-------------------------------------------
     0 | D:5      | drugrobin the Demigod Delver began the quest for the Orb.
     0 | D:5      | Reached XP level 1. HP: 18/18 MP: 3/3
    61 | D:5      | Noticed a bullfrog
   157 | D:5      | Noticed a hound
   327 | D:5      | Reached skill level 2 in Unarmed Combat
   352 | D:5      | Noticed a hound
   397 | D:4      | Found Sotzih's General Store.
   417 | D:4      | Noticed a jelly
   547 | D:4      | Noticed Ijyb
   566 | D:4      | Found a sand-covered staircase.
   606 | D:4      | Noticed a hound
   620 | Ossuary  | Entered an ossuary
   672 | Ossuary  | Noticed a water moccasin zombie
   718 | Ossuary  | Reached XP level 2. HP: 25/25 MP: 4/4
   908 | Ossuary  | Reached skill level 4 in Unarmed Combat
   908 | Ossuary  | Reached XP level 3. HP: 18/30 MP: 5/5
  1019 | Ossuary  | Reached XP level 4. HP: 37/37 MP: 6/6
  1164 | Ossuary  | Reached skill level 5 in Unarmed Combat
  1164 | Ossuary  | Reached XP level 5. HP: 25/42 MP: 7/7
  1404 | D:4      | Found a staircase to the Ecumenical Temple.
  1837 | D:1      | Reached skill level 6 in Unarmed Combat
  2012 | D:1      | Reached XP level 6. HP: 50/50 MP: 8/8
  2046 | D:1      | Learned a level 3 spell: Confusing Touch
  2651 | D:2      | Identified the +6 ring mail of Ypeinile {Will+ Slay+2}
  2690 | D:2      | Found Reokuc Ule's Jewellery Shoppe.
  3358 | D:3      | Noticed Natasha
  3358 | D:3      | Noticed Jessica
  3361 | D:3      | Killed Natasha
  3363 | D:3      | Killed Jessica
  3481 | D:3      | Noticed Natasha
  3494 | D:3      | Killed Natasha
  3868 | D:3      | Noticed Natasha
  3878 | D:3      | Killed Natasha
  4003 | D:4      | Reached skill level 7 in Unarmed Combat
  4238 | D:4      | Reached XP level 7. HP: 57/57 MP: 9/9
  4263 | D:4      | Killed Ijyb
  4342 | D:4      | Bought a potion of magic for 104 gold pieces
  4342 | D:4      | Bought a scroll of teleportation for 39 gold pieces
  4342 | D:4      | Bought 5 atropa-tipped darts for 58 gold pieces
  4978 | D:5      | Reached skill level 8 in Unarmed Combat
  5159 | D:6      | Reached XP level 8. HP: 67/67 MP: 10/10
  5364 | D:7      | Reached skill level 5 in Fighting
  5384 | D:7      | Reached skill level 1 in Evocations
  5388 | D:7      | Reached skill level 9 in Unarmed Combat
  5479 | D:7      | Found a flagged portal.
  5535 | Bailey   | Entered a bailey
  5728 | Bailey   | Noticed an orc knight
  5754 | Bailey   | HP: 2/69 [orc knight/+0 war axe (10)]
  6099 | Bailey   | Noticed an orc knight
  6102 | Bailey   | Reached XP level 9. HP: 71/75 MP: 7/11
  6120 | Bailey   | HP: 3/75 [orc warrior/+0 war axe (2)]
  6120 | Bailey   | HP: 1/75 [orc knight/+0 war axe (2)]
  6476 | Bailey   | Noticed an orc warlord
  6565 | Bailey   | Reached skill level 10 in Unarmed Combat
  6573 | Bailey   | Mangled by an orc warrior

Illustrated notes

Levels and vault maps discovered:
D:1:      dpeg_arrival_water_temple_mockup, layout_basic,
          kennysheep_nondescript, lexackson_kobold_supper
D:2:      layout_loops_ring, serial_shops, shop,
          nicolae_concentric_dashed_squares_wild, minivault_19, kennysheep_boxes
D:3:      layout_loops_ring, uniq_natasha, uniq_jessica
D:4:      layout_rooms, nicolae_hepliaklqana_hazy_memory,
          lightli_temple_of_fire, minmay_temple_entry_waves,
          nicolae_ossuary_entry_monument, nicolae_stop_n_shop_2, uniq_ijyb
D:5:      layout_rooms, vehumet_altar_wand_db, chequers_hall_statues_y,
          corexii_checkpoint_b, minmay_crossroads
D:6:      layout_cave_pools, lemuel_coloured_pillars_altar, serial_gnoll_camp,
          gnoll_camp_mini_shop, gnoll_camp_mini_loothouse, gnoll_camp_medium_01,
          gnoll_camp_mini_doghouse, gnoll_camp_mini_house, gnoll_camp_mini_shop,
          grunt_ministairs_10, nicolae_lava_and_water, due_unseen_surprise,
          uniq_crazy_yiuf_cottage
D:7:      layout_cave_pools, enter_bailey_3, minmay_misc_feat_secret_circle,
          uniq_maggie
Bailey:   bailey_axe_minmay_hex_keep, bailey

Skill      XL: |  1  2  3  4  5  6  7  8  9 |
---------------+----------------------------+-----
Unarmed Combat | 2 4 5 6 7 8 9 10 | 10.0
Fighting       | 3 4 5 6 |  6.0
Evocations     | 2 3 |  3.2
Dodging        | |  1.7
Stealth        | |  4.5

Action                     |  1- 3 |  4- 6 |  7- 9 || total
---------------------------+-------+-------+-------++-------
  Melee: Unarmed           |    97 |   286 |   298 ||   681
         Dagger            |     6 |       |       ||     6
         Punch             |     5 |    13 |       ||    18
         Rapier            |       |    40 |       ||    40
  Throw: Javelin           |     4 |     1 |     2 ||     7
         Dart              |       |       |     1 ||     1
   Cast: Confusing Touch   |       |       |     7 ||     7
  Evoke: Wand              |     1 |       |     6 ||     7
    Use: Scroll            |     2 |       |     9 ||    11
         Potion            |     1 |     2 |     5 ||     8
   Stab: Sleeping          |     2 |    11 |       ||    13
         Invisible         |       |     5 |       ||     5
         Distracted        |       |     1 |       ||     1
         Confused          |       |       |     6 ||     6
 Armour: Leather armour    |    19 |    15 |       ||    34
         Ring mail         |       |    79 |   157 ||   236
  Dodge: Dodged            |    40 |   157 |   179 ||   376

Table legend: (Time is in decaauts)
 A = Elapsed time spent in this place.
 B = Non-inter-level travel time spent in this place.
 C = Inter-level travel time spent in this place.
 D = Time resting spent in this place.
 E = Time spent auto-exploring this place.
 F = Levels seen in this place.
 G = Mean time per level.
                   A        B        C        D        E       F      G
               +--------+--------+--------+--------+--------+-----+--------+
         Total |   6474 |   6192 |    282 |    967 |   2954 |   9 |  719.3 |
       Dungeon |   4756 |   4474 |    282 |    245 |   2737 |   7 |  679.4 |
       Ossuary |    720 |    720 |      0 |    241 |     58 |   1 |  720.0 |
        Bailey |    997 |    997 |      0 |    480 |    159 |   1 |  997.0 |
               +--------+--------+--------+--------+--------+-----+--------+

Top non-repeatable levels by time:
  Bailey: 997 daAuts
     D:5: 987 daAuts
     D:1: 858 daAuts
     D:2: 823 daAuts
     D:3: 780 daAuts
     D:4: 753 daAuts
 Ossuary: 720 daAuts
     D:7: 303 daAuts
     D:6: 248 daAuts
